 Dungeon Crawl Stone Soup version 0.25.1-8-g42b30a86e7 (webtiles) character file.

Game seed: 9423148902727792340

29 gruber the Chiller (level 3, 24/24 HPs)
             Began as a Demonspawn Ice Elementalist on Dec 19, 2020.
             Quit the game on level 1 of the Dungeon.
             The game lasted 00:01:27 (1261 turns).

gruber the Chiller (Demonspawn Ice Elementalist)    Turns: 1261, Time: 00:01:28

Health: 24/24      AC:  2    Str:  8    XL:     3   Next: 1%
Magic:  7/7        EV: 12    Int: 17    God:
Gold:   70         SH:  0    Dex: 13    Spells: 7/8 levels left

rFire    . . .     SeeInvis .   j - +0 short sword
rCold    . . .     Gourm    .   (no shield)
rNeg     . . .     Faith    .   a - +0 robe
rPois    .         Spirit   .   (helmet restricted)
rElec    .         Reflect  .   (no cloak)
rCorr    .         Harm     .   (no gloves)
MR       .....                  (no boots)
Stlth    +++.......             (no amulet)
HPRegen  0.08/turn              (no ring)
MPRegen  0.10/turn              (no ring)

@: no status effects
A: antennae 1, nightstalker 1
a: no special abilities


You were on level 1 of the Dungeon.
You were not hungry.

You visited 1 branch of the dungeon, and saw 1 of its levels.

You collected 70 gold pieces.

Inventory:

Hand Weapons
 j - a +0 short sword (weapon)
Armour
 a - a +0 robe (worn)
Scrolls
 b - 3 scrolls of identify {unknown}
 d - a scroll of amnesia {unknown}
 e - 2 scrolls of remove curse {unknown}
 g - a scroll of immolation {unknown}
 l - a scroll of fog {unknown}
Potions
 f - 2 potions of curing {unknown}
 h - 2 potions of stabbing {unknown}
 i - a potion of mutation {unknown}
Comestibles
 c - a ration
 k - 3 chunks of flesh


   Skills:
 - Level 1.7 Dodging
 - Level 1.7 Stealth
 - Level 3.0 Spellcasting
 * Level 3.9 Ice Magic


You had 7 spell levels left.
You knew the following spells:

 Your Spells              Type           Power        Failure   Level  Hunger
a - Freeze                Ice            ###.         3%          1    None

Your spell library contained the following spells:

 Spells                   Type           Power        Failure   Level  Hunger
 Frozen Ramparts          Ice            ###...       11%         3    ###....
 Ozocubu's Armour         Chrm/Ice       #.......     24%         3    ###....
 Hailstorm                Conj/Ice       #.......     61%         4    ####...
 Summon Ice Beast         Ice/Summ       #.......     61%         4    ####...


Dungeon Overview and Level Annotations

Branches:
Dungeon (1/15)

Altars:


Innate Abilities, Weirdness & Mutations

You have a pair of small antennae on your head.
You are slightly more attuned to the shadows.


Message History

You kill the goblin!
You have reached level 3!
Your experience leads to an increase in your attributes!
Increase (S)trength, (I)ntelligence, or (D)exterity?
You feel clever.
Your demonic ancestry asserts itself...
You slip into the darkness of the dungeon.
You now have 70 gold pieces (gained 12).
You see here a +0 club.
Done exploring.
Done exploring.
Done exploring.
Done exploring.
Done exploring.
Autopickup is now off.
Okay, then.
Unknown command.
Unknown command.
Unknown command.
Unknown command.
Are you sure you want to abandon this character and quit the game? (Confirm with "yes".)

###..##### ###......#
.##......###
..#........#
..#........#
..#.###....# ..#.#
#....# ########## .##.#
#....# #........# ##..#
#....# #.@......# ##.##
#....# #.)......# .#.##
#....####........# ....#
#................#
....###..........#######
........#........#
..>.....#........#
###(....#........#
###.(.#.#........#


There were no monsters in sight!

Vanquished Creatures
  2 dart slugs (D:1)
  A leopard gecko (D:1)
  2 bats (D:1)
  2 giant cockroaches (D:1)
  3 goblins (D:1)
  5 hobgoblins (D:1)
  5 kobolds (D:1)
  A rat (D:1)
21 creatures vanquished.

Notes
Turn   | Place    | Note
-------+----------+-------------------------------------------
     0 | D:1      | gruber the Demonspawn Ice Elementalist began the quest for
                  | the Orb.
     0 | D:1      | Reached XP level 1. HP: 13/13 MP: 3/3
   144 | D:1      | Gained mutation: You have a pair of small antennae on your
                  | head. [demonic ancestry]
   144 | D:1      | Reached XP level 2. HP: 5/19 MP: 0/5
  1255 | D:1      | Gained mutation: You are slightly more attuned to the
                  | shadows. [demonic ancestry]
  1255 | D:1      | Reached XP level 3. HP: 24/24 MP: 7/7
  1261 | D:1      | Quit the game

Illustrated notes

Levels and vault maps discovered:
D:1:      dpeg_arrival_three_bigger_balls, layout_basic

Skill      XL: |  1  2 |
---------------+-------+-----
Spellcasting   | 3 |  3.0
Dodging        | |  1.7
Stealth        | |  1.7
Ice Magic      | |  3.9

Action                   || total
-------------------------++-------
Melee: Unarmed           ||    39
       Short sword       ||    25
 Cast: Freeze            ||    22
  Eat: Chunk             ||     1
Armor: Robe              ||    16
Dodge: Dodged            ||    66
